 Dungeon Crawl Stone Soup version 0.31-a0-1522-g43313d8a59 (webtiles) character file.

Game seed: 9571397204512824740

14445 LeprechaunX the Mimic (level 12, -4/84 HPs)
             Began as an Octopode Shapeshifter on Dec 31, 2023.
             Was a Believer of Ashenzari.
             Slain by a six-headed hydra (7 damage)
             ... while petrified by a basilisk
             ... on level 2 of the Lair of Beasts.
             The game lasted 00:29:46 (11861 turns).

LeprechaunX the Mimic (Octopode Shapeshifter)      Turns: 11861, Time: 00:29:47

Health: -4/84      AC:  5    Str: 15    XL:     12   Next: 16%
Magic:  18/18      EV:  2    Int: 18    God:    Ashenzari [**....]
Gold:   732        SH:  0    Dex: 21    Spells: 16/19 levels left

rFire   . .          .
                       - Unarmed
rCold   + . .        (no shield)
rNeg    + + +        (helmet restricted)
rPois   ∞            y - amulet of regeneration
rElec   .            e - ring "Tethered Affliction" {AC+4, Dev, Fort} (curse)
rCorr   .            o - ring "Prescient Annoyance" {Int+6, Melee, Bglg} (curse)
SInv    +            w - ring "Sun of the Elysian Seer" {Dex+6, Dev, Melee} (curse)
Will    .....        D - ring "Secrets of Ashenzari" {rC+, Range, Comp} (curse)
Stlth   +++          (no ring)
HPRegen 1.14/turn    (no ring)
MPRegen 0.16/turn    (no ring)
                     (no ring)

%: no passive effects
@: maw-form, petrified
A: devouring maw, almost no armour, amphibious, 8 rings, camouflage 1,
gelatinous body 1, (nimble swimmer 1), tentacles
a: Begin Untransformation, Renounce Religion, Shatter the Chains


You were on level 2 of the Lair of Beasts.
You worshipped Ashenzari.
Ashenzari was pleased with you.
You were a creature with a mouth for a stomach.
You visited 3 branches of the dungeon, and saw 13 of its levels.

You collected 758 gold pieces.
You spent 26 gold pieces at shops.

Inventory:

Hand Weapons
 a - a +2 longbow of electrocution
 A - a +0 sling
Missiles
 h - 8 atropa-tipped darts
 E - 2 boomerangs (quivered)
 F - 6 javelins
 J - 2 darts of dispersal
Jewellery
 e - the cursed ring "Tethered Affliction" (left tentacle) {AC+4, Dev, Fort}
   (You found it on level 4 of the Dungeon)

   [ring of protection]

   AC+4:      It affects your AC (+4).
   It has a curse which improves the following skills: Devices: Evocations and
   Shapeshifting.
   Fortitude: Shields.
 o - the cursed ring "Prescient Annoyance" (right tentacle) {Int+6, Melee, Bglg}
   (You found it on level 4 of the Dungeon)

   [ring of intelligence]

   Int+6:     It affects your intelligence (+6).
   It has a curse which improves the following skills: Melee Combat: Short
   Blades, Long Blades, Axes, Maces & Flails, Polearms, Staves and Unarmed
   Combat.
   Beguiling: Hexes and Translocations.
 w - the cursed ring "Sun of the Elysian Seer" (on tentacle) {Dex+6, Dev, Melee}
   (You found it on level 7 of the Dungeon)

   [ring of dexterity]

   Dex+6:     It affects your dexterity (+6).
   It has a curse which improves the following skills: Devices: Evocations and
   Shapeshifting.
   Melee Combat: Short Blades, Long Blades, Axes, Maces & Flails, Polearms,
   Staves and Unarmed Combat.
 y - an amulet of regeneration (around mantle)
 D - the cursed ring "Secrets of Ashenzari" (on tentacle) {rC+, Range, Comp}
   (You found it on level 1 of the Lair of Beasts)

   [ring of protection from cold]

   rC+:       It protects you from cold.
   It has a curse which improves the following skills: Ranged Combat: Ranged
   Weapons and Throwing.
   Companions: Summonings and Necromancy.
Talismans
 b - a beast talisman
 c - a flux talisman
 j - a maw talisman (active)
Wands
 f - a wand of light (5)
 r - a wand of flame (12)
 x - a wand of iceblast (21)
 C - a wand of digging (1)
 G - a wand of polymorph (5)
Scrolls
 i - a scroll of acquirement
 k - 2 scrolls of fog
 l - 2 scrolls of noise
 n - 3 scrolls of vulnerability
 p - 2 scrolls of immolation
 t - 7 scrolls of teleportation
 v - 2 scrolls of enchant armour
 B - 3 scrolls of enchant weapon
 H - a scroll of revelation
 I - a scroll of poison
Potions
 d - 2 potions of enlightenment
 g - 2 potions of haste
 m - 2 potions of might
 q - 2 potions of mutation
 s - 2 potions of curing
 u - 3 potions of brilliance
 z - a potion of attraction


   Skills:
 + Level 8.5 Fighting
 - Level 3.0(4.0) Throwing
 - Level 2.0 Dodging
 + Level 8.8(10.6) Unarmed Combat
 - Level 4.0 Spellcasting
 + Level 3.8(4.9) Necromancy
 + Level 7.6(9.4) Evocations
 * Level 11.4(13.1) Shapeshifting


You had 16 spell levels left.
You knew the following spells:

 Your Spells              Type           Power      Damage    Failure   Level
a - Vampiric Draining     Necr           21%        2d7       6%          3

Your spell library contained the following spells:

 Spells                   Type           Power      Damage    Failure   Level
 Necrotise                Necr           84%        1d8       1%          1
 Stone Arrow              Conj/Erth      6%         3d7       41%         3
 Martyr's Knell           Necr/Summ      12%        N/A       45%         4
 Curse of Agony           Necr           21%        N/A       50%         5
 Summon Lightning Spire   Summ/Air       3%         N/A       82%         4
 Lee's Rapid Deconstruct  Erth           1%         3d4*      99%         5
 Lehudib's Crystal Spear  Conj/Erth      1%         10d2      100%        8
 Animate Armour           Summ/Erth      Unusable   N/A       N/A         4

Dungeon Overview and Level Annotations

Branches:
Dungeon (10/15)            Temple (1/1) D:5            Lair (2/5) D:8
    Orc (0/2) D:10
  Swamp: Lair:2-3    Shoals: Lair:2-3     Snake: Lair:2-3    Spider: Lair:2-3

Altars:
Ashenzari
Cheibriados
Dithmenos
Elyvilon
Fedhas
Gozag
Hepliaklqana
Kikubaaqudgha
Makhleb
Nemelex Xobeh
Okawaru
Qazlal
Ru
Sif Muna
Trog
Uskayaw
Vehumet
Wu Jian
Xom
Yredelemnul
Zin
The Shining One

Shops:
D:3 =(?   D:6 [   D:8 =


Innate Abilities, Weirdness & Mutations

You are a creature with a mouth for a stomach.
Your midsection houses a second, enormous mouth.
You are immune to poison.
You cannot wear most types of armour.
You are amphibious.
You can wear up to eight rings at the same time.
Your skin changes colour to match your surroundings (Stealth+).
Your rubbery body absorbs attacks. (AC +1, EV +1)
((You are camouflaged when in or above water. (Stealth+)))
You have tentacles for arms and can constrict up to eight enemies at once.


Message History

A basilisk comes into view.
Unknown command.
You bludgeon the six-headed hydra! You bite the six-headed hydra!
The six-headed hydra is severely wounded.
The six-headed hydra bites you!
The six-headed hydra barely misses you. x2
The six-headed hydra bites you! x2; The six-headed hydra bites you.
Unknown command.
You bludgeon the six-headed hydra!
The six-headed hydra is almost dead.
The basilisk gazes at you.
You are slowing down.
The six-headed hydra bites you!
The six-headed hydra bites you but does no damage.
The six-headed hydra bites you. The six-headed hydra bites you!
The six-headed hydra bites you. The six-headed hydra bites you!
You tentacle-slap the six-headed hydra. Your bite misses the six-headed hydra.
The six-headed hydra is almost dead.
The basilisk gazes at you.
Your limbs have turned to stone.
The six-headed hydra bites you but does no damage.
The six-headed hydra closely misses you.
The six-headed hydra bites you. x2
* * * LOW HITPOINT WARNING * * *
The six-headed hydra bites you!
* * * LOW HITPOINT WARNING * * *
The six-headed hydra bites you.
* * * LOW HITPOINT WARNING * * *
You have turned to stone.
The six-headed hydra bites you.
* * * LOW HITPOINT WARNING * * *
The six-headed hydra bites you but does no damage.
The six-headed hydra bites you!
* * * LOW HITPOINT WARNING * * *
The six-headed hydra bites you!
* * * LOW HITPOINT WARNING * * *
The six-headed hydra bites you.
* * * LOW HITPOINT WARNING * * *
The six-headed hydra bites you but does no damage.
The six-headed hydra bites you!
You die...

#....... ...........# ###......
#..........####.#...... ..
...............#...... ...
..........P.........# ...
#l.................# ...##
#.................# ..#.###
#.D..........^...## ......#
#W............### .....##
#............P# ......#
#.............### .....#
##...............# ..#.###
##................## ....#.#
###..>................
.....#######....................#
......##.##.........[.##........#
.......##............###.........


You could see a six-headed hydra and a basilisk.

Vanquished Creatures
  A hydra (Lair:2)
  A two-headed ogre (D:9)
  Pikel (D:9)
  A manticore (D:8)
  3 elephants (Lair:1)
  4 cane toads
  An unseen horror (D:10)
  2 komodo dragons
  Prince Ribbit (D:5)
  A hornet (D:7)
  Grinder (D:5)
  3 blink frogs (Lair:2)
  Sigmund (D:2)
  19 yaks
  A wyvern (D:10)
  2 basilisks (Lair:1)
  A steam dragon (D:8)
  Duvessa (D:5)
  6 water moccasins
  2 orc warriors
  2 ice beasts
  A black bear (D:6)
  A sky beast (D:7)
  2 ogres (D:6)
  2 centaurs
  2 lemures (D:9)
  7 bullfrogs
  2 scorpions
  3 gnoll sergeants
  Dowan (D:5)
  17 wights
  12 killer bees
  2 howler monkeys
  2 bombardier beetles
  A hound (D:5)
  3 jellies
  3 gnoll boudas
  3 orc priests
  3 iguanas
  6 orc wizards
  6 adders
  30 gnolls
  A white imp (D:6)
  2 ufetubi (D:6)
  2 dart slugs
  4 ribbon worms
  26 orcs
  7 ball pythons
  4 endoplasms
  A giant cockroach (D:2)
  4 goblins
  3 hobgoblins
  4 bats
  3 frilled lizards
  9 kobolds
  2 rats
  A butterfly (Lair:2)
237 creatures vanquished.

Notes
Turn   | Place    | Note
-------+----------+-------------------------------------------
     0 | D:1      | LeprechaunX the Octopode Shapeshifter began the quest for
                  | the Orb.
     0 | D:1      | Reached XP level 1. HP: 13/13 MP: 1/1
     8 | D:1      | You fall into a shaft and drop 1 floor!
   401 | D:1      | Reached XP level 2. HP: 18/18 MP: 2/2
   903 | D:2      | Reached XP level 3. HP: 20/23 MP: 3/3
   958 | D:2      | Noticed Sigmund
   973 | D:2      | Killed Sigmund
   974 | D:2      | Reached skill level 1 in Throwing
   974 | D:2      | Reached skill level 4 in Shapeshifting
   974 | D:2      | Reached XP level 4. HP: 17/30 MP: 4/4
   974 | D:2      | Reached XP level 5. HP: 20/35 MP: 5/5
  1626 | D:3      | Found Piesk's Book Shop.
  1698 | D:3      | Found Ningaen's Jewellery Shoppe.
  1729 | D:3      | Found Dout's Weapon Shoppe.
  1803 | D:3      | Reached XP level 6. HP: 41/41 MP: 6/6
  1812 | D:3      | Found a faded altar of an unknown god.
  1818 | D:3      | Found Quon's Distillery.
  1942 | D:3      | Found Zyxoz's Magic Scroll Shoppe.
  2209 | D:3      | Bought a scroll of identify for 26 gold pieces
  2209 | D:3      | Identified a scroll of acquirement
  2350 | D:4      | HP: 1/41 [poisoned by a scorpion]
  2701 | D:4      | Reached skill level 5 in Shapeshifting
  2846 | D:4      | Reached XP level 7. HP: 26/46 MP: 7/7
  3080 | D:5      | Entered Level 5 of the Dungeon
  3218 | D:5      | Found a burning altar of Makhleb.
  3405 | D:5      | Noticed Grinder
  3411 | D:5      | Noticed Duvessa
  3411 | D:5      | Noticed Dowan
  3419 | D:5      | Killed Grinder
  3420 | D:5      | Reached skill level 5 in Unarmed Combat
  3420 | D:5      | Reached skill level 6 in Shapeshifting
  3420 | D:5      | Reached XP level 8. HP: 27/54 MP: 8/8
  3521 | D:5      | Killed Duvessa
  3682 | D:5      | Killed Dowan
  3691 | D:5      | Found a staircase to the Ecumenical Temple.
  3722 | Temple   | Entered the Ecumenical Temple
  3740 | Temple   | Became a worshipper of Ashenzari the Shackled
  4186 | D:5      | Noticed Prince Ribbit
  4196 | D:5      | Killed Prince Ribbit
  4197 | D:5      | Reached skill level 1 in Evocations
  4600 | D:6      | Found Derheih's Armour Emporium.
  4681 | D:6      | Reached skill level 7 in Shapeshifting
  5175 | D:6      | Found an ancient bone altar of Kikubaaqudgha.
  5177 | D:6      | Found a blossoming altar of Fedhas.
  5331 | D:6      | Reached skill level 5 in Fighting
  5553 | D:6      | Reached XP level 9. HP: 14/61 MP: 9/9
  6178 | D:7      | Reached * piety under Ashenzari
  6294 | D:7      | Found a shimmering blue altar of Sif Muna.
  6296 | D:7      | Found a hide-covered altar of Uskayaw.
  6297 | D:7      | Found a white marble altar of Elyvilon.
  6297 | D:7      | Found an iron altar of Okawaru.
  6299 | D:7      | Found a shimmering altar of Xom.
  6355 | D:7      | Reached skill level 8 in Shapeshifting
  6505 | D:7      | Reached skill level 1 in Spellcasting
  6741 | D:7      | Noticed a hornet
  6746 | D:7      | Killed a hornet
  7531 | D:7      | Found an opulent altar of Gozag.
  7614 | D:7      | Found a glowing silver altar of Zin.
  7698 | D:7      | Identified the +0 helmet of Dim Light {+Inv rElec Int+3
                  | Dex+3}
  7719 | D:8      | Found a staircase to the Lair.
  7917 | D:8      | Reached XP level 10. HP: 68/68 MP: 13/13
  8033 | D:8      | Noticed a manticore
  8058 | D:8      | Killed a manticore
  8059 | D:8      | Reached skill level 9 in Shapeshifting
  8111 | D:8      | Reached skill level 5 in Evocations
  8140 | D:8      | Found Diafaodo's Jewellery Shoppe.
  8874 | D:9      | Noticed a two-headed ogre
  8886 | D:9      | Killed a two-headed ogre
  8897 | D:9      | HP: 2/71 [killer bee (8)]
  9030 | D:9      | HP: 3/71 [poisoned by a gnoll sergeant]
  9198 | D:9      | Noticed Pikel
  9250 | D:9      | Killed Pikel
  9251 | D:9      | Reached skill level 10 in Shapeshifting
  9251 | D:9      | Reached XP level 11. HP: 54/75 MP: 15/17
  9566 | D:9      | Learned a level 3 spell: Vampiric Draining
  9591 | D:10     | Entered Level 10 of the Dungeon
  9655 | D:10     | Reached skill level 1 in Necromancy
 10036 | D:10     | Found a staircase to the Orcish Mines.
 10524 | Lair:1   | Entered Level 1 of the Lair of Beasts
 10591 | Lair:1   | Identified the scarf of Grot {shadows, Int+8}
 11194 | Lair:1   | Reached skill level 11 in Shapeshifting
 11201 | Lair:1   | HP: 2/77 [elephant (9)]
 11658 | Lair:2   | Reached ** piety under Ashenzari
 11675 | Lair:2   | Reached XP level 12. HP: 84/84 MP: 18/18
 11794 | Lair:2   | Noticed a four-headed hydra
 11816 | Lair:2   | Killed a four-headed hydra
 11851 | Lair:2   | Noticed a six-headed hydra
 11860 | Lair:2   | HP: 4/84 [six-headed hydra (6)]
 11861 | Lair:2   | Slain by a six-headed hydra

Illustrated notes

Levels and vault maps discovered:
D:1:      kennysheep_arrival_seaside, layout_loops_ring, minmay_misc_feat_x
D:2:      layout_basic, mrwooster_statue_mirror, uniq_sigmund
D:3:      layout_basic, serial_shops, nicolae_shop_peninsula,
          nicolae_shop_waterfront, nicolae_lakefront_shop, nicolae_shop_crystal,
          nicolae_shop_peninsula, shapermc_ecumenical_altar_pompeii
D:4:      layout_basic
D:5:      layout_basic, mainiacjoe_overflow_alcove_4,
          minmay_temple_entry_proselytizer, uniq_prince_ribbit1, uniq_duvessa,
          uniq_grinder
D:6:      layout_basic, grunt_temple_overflow_growth_and_decay, serial_shops,
          nicolae_shop_gibbet_a_chance
D:7:      layout_layer_cave, grunt_temple_overflow_open,
          pdpol_temple_overflow_zin_treasury_gozag_greed, dk_vineyard_3,
          nicolae_zen_rock_garden
D:8:      layout_cave_pools, lair_entry_dummy, serial_shops, shop
D:9:      layout_gridville, uniq_pikel
D:10:     layout_loops_cross, orc_0_dummy
Temple:   nicolae_temple_bog_church
Lair:1:   layout_regular_city, st_stairs_10
Lair:2:   layout_hall_layers, guppyfry_snake_entry_garden, lemuel_fruit_fields

Skill      XL: |  1  2  3  4  5  6  7  8  9 10 11 |
---------------+----------------------------------+-----
Fighting       | 2 3 5 6 7 8 |  8.5
Throwing       | 1 2 3 |  3.0
Shapeshifting  | 4 5 6 7 8 10 11 | 11.4
Unarmed Combat | 4 5 6 7 8 |  8.8
Evocations     | 2 4 6 7 |  7.6
Spellcasting   | 2 4 |  4.0
Necromancy     | 3 |  3.8
Dodging        | |  2.0

Action                     |  1- 3 |  4- 6 |  7- 9 | 10-12 || total
---------------------------+-------+-------+-------+-------++-------
  Melee: Unarmed           |    34 |    94 |   178 |   297 ||   603
         Constrict         |     6 |    26 |    55 |    46 ||   133
         Tentacles         |     6 |    21 |    62 |    94 ||   183
         Punch             |     1 |     7 |    14 |    23 ||    45
         Short sword       |       |       |    27 |       ||    27
         Maw               |       |       |       |    86 ||    86
   Fire: Sling             |       |       |     3 |       ||     3
         Longbow           |       |       |     6 |    24 ||    30
  Throw: Dart              |       |       |     2 |     1 ||     3
         Boomerang         |       |       |       |     5 ||     5
   Cast: Vampiric Draining |       |       |       |     1 ||     1
 Invoke: Curse Item        |       |       |     3 |     1 ||     4
  Evoke: Wand              |       |       |     1 |     2 ||     3
    Use: Potion            |     1 |     1 |       |     5 ||     7
         Scroll            |       |     6 |     1 |     1 ||     8
   Stab: Sleeping          |     1 |     8 |     5 |     2 ||    16
         Distracted        |       |     1 |       |       ||     1
 Armour: Skin              |    23 |    43 |   107 |   245 ||   418
  Dodge: Dodged            |    26 |    38 |   107 |   213 ||   384
   Form: Maw               |       |       |       |     1 ||     1

Table legend: (Time is in decaauts)
 A = Elapsed time spent in this place.
 B = Non-inter-level travel time spent in this place.
 C = Inter-level travel time spent in this place.
 D = Time resting spent in this place.
 E = Time spent auto-exploring this place.
 F = Levels seen in this place.
 G = Mean time per level.
                   A        B        C        D        E       F      G
               +--------+--------+--------+--------+--------+-----+--------+
         Total |  11783 |  11032 |    751 |   1770 |   7271 |  13 |  906.4 |
       Dungeon |  10431 |   9740 |    691 |   1644 |   6444 |  10 | 1043.1 |
        Temple |     36 |      9 |     27 |      0 |      0 |   1 |   36.0 |
          Lair |   1315 |   1283 |     32 |    126 |    827 |   2 |  657.5 |
               +--------+--------+--------+--------+--------+-----+--------+

Top non-repeatable levels by time:
     D:5: 1743 daAuts
     D:7: 1666 daAuts
     D:6: 1085 daAuts
     D:9: 1028 daAuts
  Lair:1: 927 daAuts
     D:4: 925 daAuts
    D:10: 886 daAuts
     D:8: 869 daAuts
     D:2: 803 daAuts
     D:1: 718 daAuts
     D:3: 703 daAuts
  Lair:2: 387 daAuts
  Temple: 36 daAuts
